 Dungeon Crawl Stone Soup version 0.28.0-1-gb440e238dd (webtiles) character file.

Game seed: 777869844416879720

25 spaghetti the Sneak (level 2, -1/24 HPs)
             Began as a Demonspawn Delver on Feb 19, 2022.
             Was an Elder of Ignis.
             Slain by a centaur skeleton (2 damage)
             ... on level 6 of the Dungeon.
             The game lasted 00:02:11 (160 turns).

spaghetti the Sneak (Demonspawn Delver)              Turns: 160, Time: 00:02:12

Health: -1/24      AC:  3    Str: 12    XL:     2   Next: 82%
Magic:  2/2        EV: 13    Int: 11    God:    Ignis [****..]
Gold:   0          SH:  0    Dex: 14    Spells: 1/1 levels left

rFire   + . .      SeeInvis .   a - +0 mace
rCold   . . .      Faith    .   (no shield)
rNeg    . . .      Spirit   .   b - +0 leather armour
rPois   .          Reflect  .   (no helmet)
rElec   .          Harm     .   (no cloak)
rCorr   .          Rampage  .   (no gloves)
Will    .....                   (no boots)
Stlth   +++.......              (no amulet)
HPRegen 0.08/turn               (no ring)
MPRegen 0.08/turn               (no ring)

@: no status effects
A: repulsion field 1
a: Renounce Religion, Fiery Armour, Foxfire Swarm, Rising Flame


You were on level 6 of the Dungeon.
You worshipped Ignis.
Ignis was greatly pleased with you.
You visited 1 branch of the dungeon, and saw 3 of its levels.

Inventory:

Hand Weapons
 a - a +0 mace (weapon)
Armour
 b - a +0 leather armour (worn)
Wands
 g - a wand of digging (2)
Scrolls
 c - a scroll of fog
 d - a scroll of magic mapping


   Skills:
 - Level 3.0 Fighting
 - Level 1.7 Maces & Flails
 - Level 1.7 Dodging
 + Level 5.3 Stealth


You had one spell level left.
You didn't know any spells.
Your spell library was empty.

Dungeon Overview and Level Annotations

Branches:
Dungeon (6/15)
 Temple: D:4-7

Altars:
Ignis


Innate Abilities, Weirdness & Mutations

You are surrounded by a mild repulsion field. (EV +2)


Message History

You have reached level 2!
Your demonic ancestry asserts itself...
You begin to radiate repulsive energy.
The foxfire hits the centaur skeleton.
The centaur skeleton is lightly damaged.
The foxfire hits the centaur skeleton.
The centaur skeleton is lightly damaged.
The foxfire hits the centaur skeleton.
The centaur skeleton is moderately damaged.
The foxfire hits the centaur skeleton.
The centaur skeleton is moderately damaged.
The foxfire hits the centaur skeleton.
The centaur skeleton is heavily damaged.
Okay, then.
Aiming: Dig
Press: ? - help, Shift-Dir - straight line A rock wall.
The rock shatters into small pieces.
Found an escape hatch in the floor.
You sock the centaur skeleton!
The centaur skeleton is almost destroyed.
The centaur skeleton hits you.
* * * LOW HITPOINT WARNING * * *
The centaur skeleton closely misses you. x3
You hit the centaur skeleton.
The centaur skeleton is almost destroyed.
The centaur skeleton closely misses you.
The centaur skeleton kicks you but does no damage.
The centaur skeleton hits you.
* * * LOW HITPOINT WARNING * * *
The centaur skeleton barely misses you.
You hit the centaur skeleton.
The centaur skeleton is almost destroyed.
The centaur skeleton hits you.
* * * LOW HITPOINT WARNING * * *
The centaur skeleton misses you.
Activating: Foxfire Swarm
Press: ? - help, Dir - look around, f - activate Flames leap up around you!
The centaur skeleton hits you.
You die...

##.....†##.#
#......# .#
##....## .#
#...## .#
####.## .#
##D##.#
##vvv# ##Zv#
#@v# #vv#
#vv# #..#
##.# ##


You could see a six-headed hydra and a centaur skeleton (ally target).

Vanquished Creatures
  An iguana (D:6)
  A ball python (D:4)
2 creatures vanquished.

Vanquished Creatures (others)
  9 foxfires (D:6)
9 creatures vanquished.

Grand Total: 11 creatures vanquished

Notes
Turn   | Place    | Note
-------+----------+-------------------------------------------
     0 | D:5      | spaghetti the Demonspawn Delver began the quest for the
                  | Orb.
     0 | D:5      | Reached XP level 1. HP: 18/18 MP: 1/1
    10 | D:5      | Noticed a black bear
    43 | D:4      | Noticed an iguana
    66 | D:5      | Noticed an iguana
   115 | D:6      | Noticed a six-headed hydra
   115 | D:6      | Noticed an iguana
   115 | D:6      | Found a faded altar of an unknown god.
   117 | D:6      | Noticed a hound
   124 | D:6      | Prayed at the altar of an unknown god.
   124 | D:6      | Became a worshipper of Ignis, the Dying Flame
   147 | D:6      | Killed an iguana
   148 | D:6      | Reached skill level 5 in Stealth
   148 | D:6      | Gained mutation: You are surrounded by a mild repulsion
                  | field. (EV +2) [demonic ancestry]
   148 | D:6      | Reached XP level 2. HP: 8/24 MP: 2/2
   159 | D:6      | HP: 1/24 [centaur skeleton (3)]
   160 | D:6      | Slain by a centaur skeleton

Illustrated notes

Levels and vault maps discovered:
D:4:      layout_loops_ring, mainiacjoe_overflow_six_doors_small,
          mainiacjoe_overflow_24_doors, hangedman_feature_mirror
D:5:      layout_basic, lemuel_mausoleum_altar_kikubaaqudgha,
          lemuel_round_altar, tso_metal_star
D:6:      layout_cave_pods, lemuel_tele_altar, lemuel_doored_altar,
          jmf_multi_god_temple, minmay_temple_entry_gardened_gates,
          serial_shops, nicolae_inconvenience_store, serial_column_ruins,
          column_ruins_temple_circle, column_ruins_hut,
          column_ruins_corridor_straight, column_ruins_open_large,
          column_ruins_grid_1, column_ruins_corridor_T, kennysheep_crisscross,
          st_stairs_8, kennysheep_path_1, minivault_24

Skill      XL: |  1 |
---------------+----+-----
Stealth        | 5 |  5.3
Fighting       | |  3.0
Maces & Flails | |  1.7
Dodging        | |  1.7

Action                   || total
-------------------------++-------
Melee: Mace              ||     6
Invok: Foxfire Swarm     ||     2
Evoke: Wand              ||     1
  Use: Scroll            ||     2
       Potion            ||     1
 Stab: Sleeping          ||     1
Armor: Leather armour    ||     8
Dodge: Dodged            ||    16
